 Dungeon Crawl Stone Soup version 0.19.1 (webtiles) character file.

107 siimphh the Skirmisher (level 4, -1/29 HPs)
             Began as a Gargoyle Monk on Dec 20, 2016.
             Slain by a gnoll
             ... wielding a +0 spear
              (8 damage)
             ... on level 2 of the Dungeon.
             The game lasted 00:10:52 (1837 turns).

siimphh the Skirmisher (Gargoyle Monk)              Turns: 1837, Time: 00:10:53

Health: -1/29      AC:  6    Str: 16    XL:     4   Next: 85%
Magic:  4/4        EV: 13    Int: 10    God:
Gold:   58         SH:  0    Dex: 12    Spells: 0 memorised, 3 levels left

rFire  . . .     SeeInvis .     a - +0 mace
rCold  . . .     Gourm    .     b - +0 robe
rNeg   + . .     Faith    .     (no shield)
rPois  ∞         Spirit   .     d - +0 helmet
rElec  +         Reflect  .     (no cloak)
rCorr  .         Harm     .     (no gloves)
MR     .....                    (no boots)
Stlth  ++........               (no amulet)
                                (no ring)
                                (no ring)

@: no status effects
A: negative energy resistance 1, electricity resistance, unbreathing,
petrification resistance, rot immunity, AC +3
a: no special abilities


You were on level 2 of the Dungeon.
You were not hungry.

You visited 1 branch of the dungeon, and saw 4 of its levels.

You collected 58 gold pieces.

Inventory:

Hand Weapons
 a - a +0 mace (weapon)
Armour
 b - a +0 robe (worn)
 d - a +0 helmet (worn)
Scrolls
 f - a scroll of teleportation
Potions
 e - a potion of heal wounds
 g - 2 potions of curing {unknown}
Comestibles
 c - 3 bread rations
 h - 2 chunks of flesh


   Skills:
 + Level 4.1 Fighting
 + Level 3.7 Maces & Flails
 + Level 3.3 Dodging
 + Level 2.6 Stealth


You had 3 spell levels left.
You didn't know any spells.

Dungeon Overview and Level Annotations

Branches:
Dungeon (4/15)
 Temple: D:4-7

Altars:


Innate Abilities, Weirdness & Mutations

You are resistant to torment.
Your stone body is resilient. (AC +3)
You are immune to poison.
You resist negative energy. (rN+)
You are resistant to electric shocks. (rElec)
You can survive without breathing.
You are immune to petrification.
You are immune to rotting.


Message History

You climb downwards.
The gnoll shouts!
There is a stone staircase leading up here.
The gnoll shouts!
The gnoll hits you with a halberd!
You hit the gnoll.
The gnoll is heavily wounded.
The gnoll barely misses you.
You hit the gnoll.
The gnoll is severely wounded.
The gnoll hits you but does no damage. The gnoll closely misses you.
You hit the gnoll.
The gnoll is almost dead.
The gnoll hits you but does no damage. The gnoll hits you with a halberd!
* * * LOW HITPOINT WARNING * * *
The gnoll hits you but does no damage.
You hit the gnoll but do no damage.
The gnoll is almost dead.
The gnoll hits you from afar with a spear!
You die...

#####.<....>.####......# #.# #
#.###..#.##.....#### #.# #
###g#....#.#..##..# #.#
###.....#......###.## ##.#
................##.# #..#
#####.###..........# #####.## #
#...# ##.......#.# #.....#
.##...# #....<....## #....##
.##...# ##.####.@#..# #....#
......# #..# ##gg..# #...####
##....# #.## ##[g.########...#
#....###.# ###......###...#
###...##..#########..###.)##...#
...........>.............g.....#
#.....##.##########..#######.<.#
..###....# ##.# #...# .####..###
#.# #...#


You could see 3 gnolls.

Vanquished Creatures
  6 adders (D:2)
  An ooze (D:1)
  2 worms (D:2)
  3 dart slugs
  A leopard gecko (D:1)
  3 giant cockroaches
  2 goblins
  7 hobgoblins
  A ball python (D:2)
  6 bats
  A frilled lizard (D:1)
  A kobold (D:1)
  7 rats
41 creatures vanquished.

Notes
Turn   | Place    | Note
-------+----------+-------------------------------------------
     0 | D:1      | siimphh the Gargoyle Monk began the quest for the Orb.
     0 | D:1      | Reached XP level 1. HP: 14/14 MP: 1/1
     3 | D:1      | Noticed an electric eel
     3 | D:1      | Noticed an electric eel
   168 | D:1      | Reached XP level 2. HP: 16/19 MP: 2/2
   500 | D:1      | Reached XP level 3. HP: 23/23 MP: 3/3
   803 | D:1      | You fall through a shaft!
   891 | D:2      | Reached skill level 4 in Fighting
   891 | D:2      | Reached XP level 4. HP: 23/29 MP: 4/4
   966 | D:2      | You fall through a shaft for 2 floors!
  1837 | D:2      | Slain by a gnoll

Skill      XL: |  1  2  3 |
---------------+----------+-----
Fighting       | 4 |  4.1
Dodging        | 3 |  3.3
Maces & Flails | |  3.7
Stealth        | |  2.6

Action                   |  1- 3 |  4- 6 || total
-------------------------+-------+-------++-------
Melee: Mace              |    82 |    92 ||   174
  Use: Scroll            |     1 |     2 ||     3
       Potion            |     1 |       ||     1
 Stab: Sleeping          |     1 |     1 ||     2
  Eat: Chunk             |       |     3 ||     3
Armor: Robe              |    33 |    31 ||    64
Dodge: Dodged            |    95 |    63 ||   158
